SL
AUSTIN RANGERS @ THUNDER BAY NORTHERN LIONS BC
06/02/2026
 
TOP OF THE 1ST
Austin Rangers batting - Pitching for Thunder Bay Northern Lions BC : RHP Rafael Cardona
Pitching: RHP Rafael Cardona
Batting: RHB Miguel Morán 0-0: Ball
1-0: Ball
2-0: Called Strike
2-1: Called Strike
2-2: Ball
3-2: Ground out 5-3 (Groundball, 56)
Batting: SHB Xavier Vásquez 0-0: Ball
1-0: Ball
2-0: Foul Ball, location: 2F
2-1: Called Strike
2-2: SOLO HOME RUN (Flyball, 9LD), Distance : 333 ft
Batting: LHB Yun Yen 0-0: Ball
1-0: Ball
2-0: Ball
3-0: Called Strike
3-1: Base on Balls
Batting: LHB Count Dante 0-0: Swinging Strike
0-1: Foul Ball, location: 2F
0-2: Ball
1-2: Foul Ball, location: 2F
1-2: Foul Ball, location: 2F
1-2: Strikes out looking
Batting: LHB Jesús Reyes 0-0: Ball
1-0: Ball
2-0: Ball
3-0: Called Strike
3-1: Foul Ball, location: 2F
3-2: Foul Ball, location: 2F
3-2: Base on Balls
Yun Yen to second
Batting: RHB Jeff Green 0-0: Ball
1-0: Called Strike
1-1: Ball
2-1: Foul Ball, location: 2F
2-2: Fly out, F8 (Flyball, 78M)
Top of the 1st over - 1 run(s), 1 hit(s), 0 error(s), 2 left on base; Austin 1 - Thunder Bay 0
BOTTOM OF THE 1ST
Thunder Bay Northern Lions BC batting - Pitching for Austin Rangers : RHP Art Adams
Pitching: RHP Art Adams
Batting: LHB Chris Gregory 0-0: Foul Ball, location: 2F
0-1: Ball
1-1: Ground out 3-1 (Groundball, 34)
Batting: SHB Carlos Rodríguez 0-0: Foul Ball, location: 2F
0-1: Ball
1-1: Foul Ball, location: 2F
1-2: Ball
2-2: Ground out 5-3 (Groundball, 56)
Batting: RHB Keith Fish 0-0: Ball
1-0: Foul Ball, location: 2F
1-1: Ground out 6-3 (Groundball, 6)
Bottom of the 1st over - 0 run(s), 0 hit(s), 0 error(s), 0 left on base; Austin 1 - Thunder Bay 0
TOP OF THE 2ND
Austin Rangers batting - Pitching for Thunder Bay Northern Lions BC : RHP Rafael Cardona
Batting: RHB Tony Hernández 0-0: Ball
1-0: Ball
2-0: Called Strike
2-1: Foul Ball, location: 2F
2-2: Strikes out looking
Batting: LHB Enrique Sánchez 0-0: Ball
1-0: Called Strike
1-1: Hit by Pitch
Batting: RHB Matt Sheppard 0-0: Ball
1-0: SINGLE (Groundball, 34D)
Enrique Sánchez to second
Runner from 2nd tries for 3rd, SAFE, throw made to third
Batting: RHB Miguel Morán 0-0: Foul Ball, location: 2F
0-1: Called Strike
0-2: Ball
1-2: Foul Ball, location: 2F
1-2: DOUBLE (Flyball, 78D)
Enrique Sánchez scores
Matt Sheppard to third
Batting: SHB Xavier Vásquez 0-0: Called Strike
0-1: Ball
1-1: Foul Ball, location: 2F
1-2: Ground out 4-3 (Groundball, 4)
Matt Sheppard scores
Miguel Morán to third
Batting: LHB Yun Yen 0-0: Called Strike
0-1: Ball
1-1: Ball
2-1: Called Strike
2-2: SINGLE (Groundball, 3S) (infield hit)
Miguel Morán scores
Batting: LHB Count Dante 0-0: Foul Ball, location: 2F
0-1: Called Strike
0-2: Ball
1-2: Ball
2-2: Strikes out swinging
Top of the 2nd over - 3 run(s), 3 hit(s), 0 error(s), 1 left on base; Austin 4 - Thunder Bay 0
BOTTOM OF THE 2ND
Thunder Bay Northern Lions BC batting - Pitching for Austin Rangers : RHP Art Adams
Batting: LHB David Smith 0-0: Ball
1-0: Swinging Strike
1-1: Ball
2-1: Called Strike
2-2: Strikes out swinging
Batting: RHB Fred Meyer 0-0: Ball
1-0: Called Strike
1-1: DOUBLE (Flyball, 78D)
Batting: SHB Arnold Griffith 0-0: SINGLE (Groundball, 6MD)
Fred Meyer to third
Runner from 3rd tries for Home, SAFE, no throw
Batting: RHB Robert O'Connor 0-0: Ball
1-0: Ball
2-0: Called Strike
2-1: DOUBLE (Line Drive, 8LD)
Arnold Griffith to third
Runner from 3rd tries for Home, SAFE, no throw
Batting: RHB Kenzaburo Hori 0-0: Ball
1-0: Foul Ball, location: 2F
1-1: Called Strike
1-2: Ball
2-2: Fly out, F7 (Flyball, 7)
Batting: RHB Carlos Padilla 0-0: Ball
1-0: 2-RUN HOME RUN (Flyball, 7D), Distance : 386 ft
Batting: LHB Chris Gregory 0-0: Called Strike
0-1: Ball
1-1: Fly out, F8 (Flyball, 8LS)
Bottom of the 2nd over - 4 run(s), 4 hit(s), 0 error(s), 0 left on base; Austin 4 - Thunder Bay 4
TOP OF THE 3RD
Austin Rangers batting - Pitching for Thunder Bay Northern Lions BC : RHP Rafael Cardona
Batting: LHB Jesús Reyes 0-0: Ball
1-0: Fly out, F3 (Popup, 3)
Batting: RHB Jeff Green 0-0: Swinging Strike
0-1: Ball
1-1: Ball
2-1: Called Strike
2-2: Ball
3-2: Foul Ball, location: 2F
3-2: Base on Balls
Batting: RHB Tony Hernández 0-0: Foul Ball, location: 2F
0-1: Called Strike
0-2: Foul Ball, location: 2F
0-2: Ball
1-2: SINGLE (Groundball, 34D)
Jeff Green to second
Batting: LHB Enrique Sánchez 0-0: Called Strike
0-1: SINGLE (Line Drive, 4D)
Jeff Green to third
Tony Hernández to second
Batting: RHB Matt Sheppard 0-0: Ball
1-0: Ball
2-0: Foul Ball, location: 2F
2-1: Ground out 6-3 (Groundball, 6S)
Jeff Green scores
Tony Hernández to third
Enrique Sánchez to second
Batting: RHB Miguel Morán 0-0: Swinging Strike
0-1: Ball
1-1: Ball
2-1: Swinging Strike
2-2: Ball
3-2: Strikes out swinging
Top of the 3rd over - 1 run(s), 2 hit(s), 0 error(s), 2 left on base; Austin 5 - Thunder Bay 4
BOTTOM OF THE 3RD
Thunder Bay Northern Lions BC batting - Pitching for Austin Rangers : RHP Art Adams
Batting: SHB Carlos Rodríguez 0-0: Ball
1-0: Ground out 4-3 (Groundball, 4)
Batting: RHB Keith Fish 0-0: Ball
1-0: Ball
2-0: Called Strike
2-1: SOLO HOME RUN (Flyball, 7D), Distance : 398 ft
Batting: LHB David Smith 0-0: Called Strike
0-1: Ball
1-1: Ball
2-1: Ball
3-1: Foul Ball, location: 2F
3-2: Fly out, F9 (Flyball, 9)
Batting: RHB Fred Meyer 0-0: Ball
1-0: Ball
2-0: Called Strike
2-1: Foul Ball, location: 2F
2-2: Ball
3-2: SINGLE (Groundball, 6MD)
Batting: SHB Arnold Griffith 0-0: Ball
1-0: Ball
2-0: Called Strike
2-1: Fielders Choice at 2nd, 4-6 (Groundball, 4)
Bottom of the 3rd over - 1 run(s), 2 hit(s), 0 error(s), 0 left on base; Austin 5 - Thunder Bay 5
TOP OF THE 4TH
Austin Rangers batting - Pitching for Thunder Bay Northern Lions BC : RHP Rafael Cardona
Batting: SHB Xavier Vásquez 0-0: Ground out 4-3 (Groundball, 4)
Batting: LHB Yun Yen 0-0: Called Strike
0-1: Ball
1-1: Called Strike
1-2: Strikes out swinging
Batting: LHB Count Dante 0-0: Foul Ball, location: 2F
0-1: Swinging Strike
0-2: Strikes out swinging
Top of the 4th over - 0 run(s), 0 hit(s), 0 error(s), 0 left on base; Austin 5 - Thunder Bay 5
BOTTOM OF THE 4TH
Thunder Bay Northern Lions BC batting - Pitching for Austin Rangers : RHP Art Adams
Batting: RHB Robert O'Connor 0-0: Foul Ball, location: 2F
0-1: Ball
1-1: Ground out 5-3 (Groundball, 56S)
Batting: RHB Kenzaburo Hori 0-0: Ball
1-0: Foul Ball, location: 2F
1-1: Ball
2-1: Foul Ball, location: 2F
2-2: Ball
3-2: Foul Ball, location: 2F
3-2: SINGLE (Groundball, 56) (infield hit)
Batting: RHB Carlos Padilla 0-0: Ball
1-0: Called Strike
Kenzaburo Hori steals 2nd base
1-1: DOUBLE (Line Drive, 89D)
Kenzaburo Hori scores
Pitching: RHP Lester Sullivan
Batting: LHB Chris Gregory 0-0: Foul Ball, location: 2F
0-1: Ball
1-1: Called Strike
1-2: Foul Ball, location: 2F
1-2: Foul Ball, location: 2F
1-2: Foul Ball, location: 2F
1-2: Ball
2-2: Foul Ball, location: 2F
2-2: Strikes out looking
Batting: SHB Carlos Rodríguez 0-0: Called Strike
0-1: Ground out 3-1 (Groundball, 34S)
Bottom of the 4th over - 1 run(s), 2 hit(s), 0 error(s), 1 left on base; Austin 5 - Thunder Bay 6
TOP OF THE 5TH
Austin Rangers batting - Pitching for Thunder Bay Northern Lions BC : RHP Rafael Cardona
Batting: LHB Jesús Reyes 0-0: Called Strike
0-1: Ball
1-1: Ball
2-1: Ball
3-1: Foul Ball, location: 2F
3-2: Strikes out looking
Batting: RHB Jeff Green 0-0: Ball
1-0: Swinging Strike
1-1: Foul Ball, location: 2F
1-2: Ball
2-2: Ground out 5-3 (Groundball, 56)
Batting: RHB Tony Hernández 0-0: Called Strike
0-1: SINGLE (Flyball, 89S)
Pitching: LHP Norberto Quintana
Batting: LHB Enrique Sánchez 0-0: Ball
1-0: Ball
2-0: Ground out 1-3 (Groundball, P)
Top of the 5th over - 0 run(s), 1 hit(s), 0 error(s), 1 left on base; Austin 5 - Thunder Bay 6
BOTTOM OF THE 5TH
Thunder Bay Northern Lions BC batting - Pitching for Austin Rangers : RHP Lester Sullivan
Batting: RHB Keith Fish 0-0: Called Strike
0-1: DOUBLE (Line Drive, 9LS)
Batting: LHB David Smith 0-0: Intentional Walk
Batting: RHB Fred Meyer 0-0: Foul Ball, location: 2F
0-1: Swinging Strike
0-2: Ball
1-2: Strikes out swinging
Batting: SHB Arnold Griffith 0-0: Ball
1-0: Foul Ball, location: 2F
1-1: Called Strike
1-2: Foul Ball, location: 2F
1-2: Foul Ball, location: 2F
1-2: Strikes out swinging
Batting: RHB Robert O'Connor 0-0: Foul Ball, location: 2F
0-1: Fly out, F8 (Line Drive, 8LS)
Bottom of the 5th over - 0 run(s), 1 hit(s), 0 error(s), 2 left on base; Austin 5 - Thunder Bay 6
TOP OF THE 6TH
Austin Rangers batting - Pitching for Thunder Bay Northern Lions BC : LHP Norberto Quintana
Batting: RHB Matt Sheppard 0-0: Foul Ball, location: 2F
0-1: Foul Ball, location: 2F
0-2: Ball
1-2: Ball
2-2: Foul Ball, location: 2F
2-2: Foul Ball, location: 2F
2-2: Strikes out swinging
Batting: RHB Miguel Morán 0-0: Swinging Strike
0-1: Ball
1-1: Foul Ball, location: 2F
1-2: Foul Ball, location: 2F
1-2: Foul Ball, location: 2F
1-2: Ball
2-2: Ball
3-2: Base on Balls
Batting: SHB Xavier Vásquez 0-0: Grounds into double play, 5-4-3 (Groundball, 56)
Top of the 6th over - 0 run(s), 0 hit(s), 0 error(s), 0 left on base; Austin 5 - Thunder Bay 6
BOTTOM OF THE 6TH
Thunder Bay Northern Lions BC batting - Pitching for Austin Rangers : RHP Lester Sullivan
Batting: RHB Kenzaburo Hori 0-0: SINGLE (Line Drive, 89S)
Batting: RHB Carlos Padilla 0-0: Called Strike
0-1: Fly out, F5 (Line Drive, 56)
Batting: LHB Chris Gregory 0-0: Foul Ball, location: 2F
0-1: Called Strike
0-2: Ball
1-2: Ball
2-2: Foul Ball, location: 2F
2-2: Ball
3-2: Base on Balls
Kenzaburo Hori to second
Batting: SHB Carlos Rodríguez 0-0: Ball
1-0: Ball
2-0: Grounds into double play, 4-6-3 (Groundball, 4)
Bottom of the 6th over - 0 run(s), 1 hit(s), 0 error(s), 1 left on base; Austin 5 - Thunder Bay 6
TOP OF THE 7TH
Austin Rangers batting - Pitching for Thunder Bay Northern Lions BC : LHP Norberto Quintana
Batting: LHB Yun Yen 0-0: Called Strike
0-1: Ball
1-1: Ground out 4-3 (Groundball, 4)
Batting: LHB Count Dante 0-0: Fly out, F4 (Flyball, 4D)
Batting: LHB Jesús Reyes 0-0: Foul Ball, location: 2F
0-1: Ball
1-1: Ground out 1-3 (Groundball, 15)
Top of the 7th over - 0 run(s), 0 hit(s), 0 error(s), 0 left on base; Austin 5 - Thunder Bay 6
BOTTOM OF THE 7TH
Thunder Bay Northern Lions BC batting - Pitching for Austin Rangers : RHP Lester Sullivan
Batting: RHB Keith Fish 0-0: Ball
1-0: Called Strike
1-1: Ball
2-1: Ground out 5-3 (Groundball, 5S)
Batting: LHB David Smith 0-0: Ball
1-0: Fly out, F9 (Flyball, 9D)
Batting: RHB Fred Meyer 0-0: Ball
1-0: Ball
2-0: Swinging Strike
2-1: Ground out 6-3 (Groundball, 6M)
Bottom of the 7th over - 0 run(s), 0 hit(s), 0 error(s), 0 left on base; Austin 5 - Thunder Bay 6
TOP OF THE 8TH
Austin Rangers batting - Pitching for Thunder Bay Northern Lions BC : LHP Norberto Quintana
Pitching: RHP Brandon Bannatyne
Batting: RHB Jeff Green 0-0: Called Strike
0-1: Called Strike
0-2: Ball
1-2: Foul Ball, location: 2F
1-2: Ground out 5-3 (Groundball, 56)
Batting: RHB Tony Hernández 0-0: Called Strike
0-1: Ball
1-1: Foul Ball, location: 2F
1-2: Ball
2-2: Ball
3-2: Fly out, F9 (Flyball, 9D)
Pitching: RHP Júlio Palma
Batting: LHB Enrique Sánchez 0-0: Ball
1-0: Ground out U3 (Groundball, 34)
Top of the 8th over - 0 run(s), 0 hit(s), 0 error(s), 0 left on base; Austin 5 - Thunder Bay 6
BOTTOM OF THE 8TH
Thunder Bay Northern Lions BC batting - Pitching for Austin Rangers : RHP Lester Sullivan
Batting: SHB Arnold Griffith 0-0: Ball
1-0: Ball
2-0: Swinging Strike
2-1: Foul Ball, location: 2F
2-2: Strikes out looking
Pitching: RHP Gavin Blackburn
Batting: RHB Robert O'Connor 0-0: Ball
1-0: Ball
2-0: Ball
3-0: Called Strike
3-1: Base on Balls
Pinch Runner at 1st Bronson Nicholls:
Pinch Hitting: LHB John Brewer 0-0: Swinging Strike
0-1: Foul Ball, location: 2F
0-2: Ball
Bronson Nicholls steals 2nd base
1-2: Ball
2-2: Ball
3-2: Foul Ball, location: 2F
3-2: Base on Balls
Batting: RHB Carlos Padilla 0-0: Called Strike
0-1: Called Strike
0-2: Strikes out looking
Batting: LHB Chris Gregory 0-0: Ball
1-0: Called Strike
1-1: Ground out U3 (Groundball, 34S)
Bottom of the 8th over - 0 run(s), 0 hit(s), 0 error(s), 2 left on base; Austin 5 - Thunder Bay 6
TOP OF THE 9TH
Austin Rangers batting - Pitching for Thunder Bay Northern Lions BC : RHP Júlio Palma
Pitching: RHP Jorge Castillo
Now at 2B: Janghyun Sam
Now in RF: Bronson Nicholls
Pinch Hitting: SHB Carlos Kramer 0-0: Ball
1-0: Fly out, F7 (Line Drive, 7S)
Batting: RHB Miguel Morán 0-0: Ground out 4-3 (Groundball, 4)
Batting: SHB Xavier Vásquez 0-0: Ball
1-0: Called Strike
1-1: Foul Ball, location: 2F
1-2: Ground out 4-3 (Groundball, 4)
Top of the 9th over - 0 run(s), 0 hit(s), 0 error(s), 0 left on base; Austin 5 - Thunder Bay 6
Monday, March 20th, 2017 - OOTP Baseball 17.12 Build 75